 Dungeon Crawl Stone Soup version 0.21.1-1-g345015fe64 (webtiles) character file.

368 Gargoyl the Skirmisher (level 6, -5/53 HPs)
             Began as a Centaur Abyssal Knight on May 3, 2018.
             Was a Priest of Lugonu.
             Slain by a killer bee (8 damage)
             ... on level 4 of the Dungeon.
             The game lasted 00:07:01 (2967 turns).

Gargoyl the Skirmisher (Centaur Abyssal Knight)     Turns: 2967, Time: 00:07:02

Health: -5/53      AC:  8    Str: 15    XL:     6   Next: 41%
Magic:  8/8        EV:  6    Int: 11    God:    Lugonu [***...]
Gold:   180        SH: 10    Dex: 10    Spells: 5/5 levels left

rFire    . . .     SeeInvis .   a - +2 hand axe
rCold    . . .     Gourm    .   e - +3 shield
rNeg     . . .     Faith    .   k - +0 ring mail
rPois    .         Spirit   .   h - +0 helmet
rElec    .         Reflect  .   g - +0 cloak
rCorr    .         Harm     .   (no gloves)
MR       .....                  (no barding)
Stlth    ..........             (no amulet)
HPRegen  0.17/turn              (no ring)
MPRegen  0.11/turn              (no ring)

@: lethally poisoned (-5 -> -15), flying, very quick
A: large, hooves 3, deformed body, speed 2, tough skin 3
a: Depart the Abyss, Bend Space, Banish, Renounce Religion


You were on level 4 of the Dungeon.
You worshipped Lugonu.
Lugonu was most pleased with you.
You were not hungry.

You visited 1 branch of the dungeon, and saw 4 of its levels.
You visited the Abyss 1 time.

You collected 180 gold pieces.

Inventory:

Hand Weapons
 a - a +2 hand axe (weapon)
Armour
 e - a +3 shield (worn)
 g - a +0 cloak (worn)
 h - a +0 helmet (worn)
 k - a +0 ring mail (worn)
Wands
 j - a wand of flame (33)
Scrolls
 f - a scroll of identify
 l - 2 scrolls of teleportation
Potions
 b - a potion of flight
 i - 2 potions of curing {unknown}
Miscellaneous
 d - a lightning rod (4/4)
Comestibles
 c - 4 rations


   Skills:
 + Level 4.7 Fighting
 + Level 3.0 Axes
 * Level 2.8 Armour
 + Level 1.1 Dodging
 + Level 0.8 Shields
 * Level 3.3 Invocations
 + Level 0.1 Evocations


You had 5 spell levels left.
You didn't know any spells.

Dungeon Overview and Level Annotations

Branches:
Dungeon (4/15)
 Temple: D:4-7

Altars:
Nemelex Xobeh
Wu Jian


Innate Abilities, Weirdness & Mutations

You have hooves in place of feet.
Armour fits poorly on your strangely shaped body.
You cover ground very quickly.
You have extremely tough skin. (AC +3)


Message History

You miss the killer bee.
The killer bee is almost dead.
You miss the killer bee. x2; You feel sick.
The killer bee stings you but does no damage. x2
You block the killer bee's attack. The killer bee stings you.
* * * LOW HITPOINT WARNING * * *
You are lethally poisoned!
The killer bee poisons you!
The killer bee stings you but does no damage.
The killer bee closely misses you. The killer bee stings you.
* * * LOW HITPOINT WARNING * * *
You feel very buoyant.
You fly up into the air.
* * * LOW HITPOINT WARNING * * *
You feel sick.
The killer bee stings you but does no damage.
You block the killer bee's attack.
The killer bee stings you but does no damage. x2
The killer bee stings you!
You die...

..........# #.##.
.......<.# #.# . #
#.......# #.##.
#.#......#######....
#.#..........[....#
#.#.............#.#
#....###..##.###..#
#%.....#.....# #..#
##y@y#.##.##.###.##
##y##.##.##....##
#y# ##.##.#.##


.yy #.#....# ... #.#....### ..... #........## P...# #.........## ....##
#........... ###...###### You could see 6 killer bees.

Vanquished Creatures
  A scorpion (D:4)
  2 small abominations (Abyss:2)
  A quasit (Abyss:2)
  Crazy Yiuf (D:2)
  Robin (D:2)
  4 adders
  An ooze (D:3)
  4 dart slugs
  2 leopard geckos (D:2)
  3 orcs (D:3)
  5 giant cockroaches
  12 goblins
  7 hobgoblins
  6 jackals (D:2)
  7 kobolds
  3 ball pythons
  9 bats
  6 frilled lizards
  8 rats
83 creatures vanquished.

Notes
Turn   | Place    | Note
-------+----------+-------------------------------------------
     0 | Abyss:1  | Gargoyl the Centaur Abyssal Knight began the quest for the Orb.
     0 | Abyss:1  | Reached XP level 1. HP: 19/19 MP: 2/2
    33 | Abyss:1  | Noticed a ynoxinul
    79 | Abyss:2  | Noticed a large abomination
    86 | Abyss:2  | Noticed a demonic crawler
    94 | Abyss:2  | Noticed a large abomination
    98 | Abyss:2  | Noticed a large abomination
    99 | Abyss:2  | Noticed a small abomination
   110 | Abyss:2  | Noticed a large abomination
   119 | Abyss:2  | Noticed a large abomination
   119 | Abyss:2  | Noticed a small abomination
   131 | Abyss:2  | Noticed a small abomination
   144 | Abyss:2  | Noticed a quasit
   155 | Abyss:2  | Killed a small abomination
   155 | Abyss:2  | Reached skill level 4 in Fighting
   155 | Abyss:2  | Reached XP level 2. HP: 23/27 MP: 3/3
   155 | Abyss:2  | Reached XP level 3. HP: 29/33 MP: 4/4
   157 | Abyss:2  | Noticed a wretched star
   161 | Abyss:2  | Killed a small abomination
   161 | Abyss:2  | Reached XP level 4. HP: 25/41 MP: 4/6
   161 | Abyss:2  | Reached XP level 5. HP: 29/47 MP: 4/7
   166 | Abyss:3  | Found a corrupted altar of Lugonu.
   211 | Abyss:3  | Noticed a starcursed mass
   215 | D:1      | Escaped the Abyss
   560 | D:1      | Reached * piety under Lugonu
  1246 | D:2      | Reached ** piety under Lugonu
  1700 | D:2      | Found a sparkling altar of Nemelex Xobeh.
  1709 | D:2      | Noticed Robin
  1720 | D:2      | Killed Robin
  1941 | D:2      | Reached skill level 1 in Dodging
  1954 | D:2      | Found an ornate altar of the Wu Jian Council.
  2144 | D:2      | Found a runed door.
  2318 | D:2      | Noticed Crazy Yiuf
  2324 | D:2      | Killed Crazy Yiuf
  2324 | D:2      | Reached XP level 6. HP: 50/53 MP: 8/8
  2595 | D:3      | Reached *** piety under Lugonu
  2967 | D:4      | Slain by a killer bee

Skill      XL: |  1  2  3  4  5  6 |
---------------+-------------------+-----
Fighting       | 4 |  4.7
Axes           | 2 3 |  3.0
Armour         | 2 |  2.8
Invocations    | 3 |  3.3
Dodging        | 1 |  1.1
Shields        | |  0.8
Evocations     | |  0.1

Action                   |  1- 3 |  4- 6 || total
-------------------------+-------+-------++-------
Melee: Hand axe          |       |   207 ||   207
       Kick              |       |    38 ||    38
Invok: Depart the Abyss  |       |     1 ||     1
Evoke: Lightning rod     |     3 |     4 ||     7
  Use: Scroll            |     1 |     5 ||     6
       Potion            |     1 |     1 ||     2
  Eat: Chunk             |       |     3 ||     3
       Ration            |       |     1 ||     1
Armor: Leather armour    |     1 |       ||     1
       Ring mail         |       |   138 ||   138
Dodge: Dodged            |     2 |    53 ||    55
Block: Shield            |       |   152 ||   152
